 Dungeon Crawl Stone Soup version 0.30-a0-782-ge64f9170bb (webtiles) character file.

Game seed: 10018414173523026327

1290 HoaS the Skirmisher (level 8, 0/44 HPs)
             Began as a Gargoyle Hunter on Feb 19, 2023.
             Was an Initiate of Gozag.
             Slain by Pikel
             ... wielding a +2 whip of freezing
              (3 damage)
             ... on level 6 of the Dungeon.
             The game lasted 00:10:11 (4808 turns).

HoaS the Skirmisher (Gargoyle Hunter)               Turns: 4808, Time: 00:10:12

Health: 0/44       AC: 16    Str: 15    XL:     8   Next: 55%
Magic:  8/8        EV: 11    Int: 10    God:    Gozag
Gold:   290        SH:  0    Dex: 15    Spells: 7/7 levels left

rFire   . . .      SeeInvis .    a - +1 shortbow
rCold   . . .      Faith    .    (shield currently unavailable)
rNeg    + . .      Spirit   .    c - +0 leather armour
rPois   ∞          Reflect  .    m - +1 helmet
rElec   +          Harm     .    d - +1 cloak
rCorr   .          Rampage  .    g - +2 pair of gloves
Will    .....                    n - +0 pair of boots
Stlth   ++                       l - amulet of regeneration
HPRegen 1.07/turn                (no ring)
MPRegen 0.11/turn                (no ring)

@: weakened, studying Armour
A: sickness immunity, AC +5, negative energy resistance 1, electricity
resistance, torment resistance 1, petrification resistance
a: Renounce Religion, Potion Petition, Call Merchant, Bribe Branch


You were on level 6 of the Dungeon.
You worshipped Gozag.
Gozag was aware of your devotion.
You visited 1 branch of the dungeon, and saw 6 of its levels.

You collected 465 gold pieces.
You spent 84 gold pieces at shops.
You paid 91 gold pieces to Gozag.

Inventory:

Hand Weapons
 a - a +1 shortbow (weapon)
Armour
 c - a +0 leather armour (worn)
 d - a +1 cloak (worn)
 g - a +2 pair of gloves (worn)
 m - a +1 helmet (worn)
 n - a +0 pair of boots (worn)
Jewellery
 l - an amulet of regeneration (around neck)
Wands
 f - a wand of polymorph (7)
 o - a wand of paralysis (1)
 p - a wand of quicksilver (9)
Scrolls
 b - a scroll of immolation
 k - 3 scrolls of teleportation
Potions
 e - 2 potions of attraction
 h - 3 potions of curing
 i - 2 potions of mutation
 j - a potion of invisibility {unknown}


   Skills:
 - Level 2.1 Fighting
 + Level 10.9 Ranged Weapons
 - Level 1.5 Dodging
 - Level 1.1 Stealth


You had 7 spell levels left.
You didn't know any spells.
Your spell library contained the following spells:

 Spells                   Type           Power      Damage    Failure   Level
 Freeze                   Ice            0%         1d3       43%         1
 Sandblast                Erth           0%         2d4       43%         1
 Slow                     Hex            0%         N/A       43%         1
 Passwall                 Tmut/Erth      0%         N/A       56%         2
 Call Canine Familiar     Summ           0%         N/A       80%         3
 Confusing Touch          Hex            0%         N/A       80%         3
 Frozen Ramparts          Ice            0%         1d1       80%         3
 Hailstorm                Conj/Ice       0%         3d3       80%         3
 Portal Projectile        Hex/Tloc       0%         N/A       80%         3
 Stone Arrow              Conj/Erth      0%         3d7       80%         3
 Vampiric Draining        Necr           0%         2d6       80%         3
 Leda's Liquefaction      Hex/Erth       0%         N/A       99%         4
 Olgreb's Toxic Radiance  Pois           0%         N/A       99%         4
 Sticky Flame             Conj/Fire      0%         2d3       99%         4
 Conjure Ball Lightning   Conj/Air       0%         3x3d6     100%        6
 Ozocubu's Refrigeration  Ice            0%         4d7       100%        7
 Ignition                 Fire           0%         3d3       100%        8
 Lehudib's Crystal Spear  Conj/Erth      0%         10d2      100%        8


Dungeon Overview and Level Annotations

Branches:
Dungeon (6/15)
 Temple: D:4-7

Altars:
Gozag
Kikubaaqudgha
Sif Muna
Xom

Shops:
D:3 ?   D:6 :

Annotations:
D:6 Pikel


Innate Abilities, Weirdness & Mutations

You are immune to sickness and miasma.
Your stone body is resilient. (AC +5)
You are immune to poison.
You resist negative energy. (rN+)
You are resistant to electric shocks. (rElec)
You are resistant to unholy torment.
You are immune to petrification.


Message History

Pikel is severely wounded.
You hear a shout!
The gnoll closely misses you.
Pikel hits you with a +2 whip of freezing!
Pikel freezes you.
You shoot an arrow. The arrow hits Pikel.
Pikel is severely wounded.
The gnoll hits you with a +0 whip.
* * * LOW HITPOINT WARNING * * *
Pikel hits you with a +2 whip of freezing.
* * * LOW HITPOINT WARNING * * *
Pikel freezes you.
* * * LOW HITPOINT WARNING * * *
You shoot an arrow. The arrow hits Pikel.
Pikel is severely wounded.
The gnoll closely misses you. Pikel closely misses you.
You shoot an arrow. The arrow barely misses Pikel.
The arrow barely misses the lemure.
The gnoll hits you but does no damage. Pikel barely misses you.
You shoot an arrow. The arrow barely misses Pikel.
The arrow hits the lemure but does no damage.
The lemure is heavily wounded.
The gnoll hits you but does no damage. Pikel hits you but does no damage.
You shoot an arrow.
The arrow hits Pikel but does no damage.
Pikel is severely wounded.
The gnoll hits you with a +0 whip.
* * * LOW HITPOINT WARNING * * *
Pikel hits you with a +2 whip of freezing.
* * * LOW HITPOINT WARNING * * *
Pikel freezes you.
* * * LOW HITPOINT WARNING * * *
You shoot an arrow. The arrow hits Pikel.
Pikel is almost dead.
The gnoll bouda gazes fiercely through you!
You feel your attacks grow feeble. The gnoll hits you but does no damage.
Pikel hits you with a +2 whip of freezing.
You die...
Your body crumbles into a pile of gold.

....####...# ..
........... ...
..........#g...
............g..
...........#.g. .
.......<....K.. .
...###...g5###.#### ..# #
..###g5K###...###. .###.
..$. ###@#.....#.###.#.
#.#.. #..g# #...#...# .
### # #...#####...#...###
#. #...#...#...#...#..
#.###.#.....#.###.#...
##...###...###...###..
#.....#.###.#.....#.##
#...#...#...#...#...#...#
#.. #####...#...#####...#


You could see Pikel, 2 lemures, a gnoll bouda (reflecting) and 2 gnolls.

Vanquished Creatures
  An ogre (D:6)
  2 lemures (D:5)
  A phantom (D:4)
  A necrophage (D:5)
  4 scorpions
  2 vampire bats (D:4)
  4 crimson imps (D:5)
  2 jellies
  Crazy Yiuf (D:4)
  4 hounds
  Natasha (twice) (D:2)
  4 iguanas
  An orc wizard (D:3)
  12 adders
  2 gnolls
  A shadow imp (D:4)
  2 worms
  A dart slug (D:4)
  14 orcs
  3 bats (D:2)
  3 bat skeletons (D:4)
  2 bat zombies (D:4)
  4 endoplasms
  8 giant cockroaches
  5 goblins
  7 hobgoblins
  3 jackals (D:1)
  4 quokkas
  5 ball pythons
  A frilled lizard (D:1)
  8 kobolds
  5 rats
119 creatures vanquished.

Notes
Turn   | Place    | Note
-------+----------+-------------------------------------------
     0 | D:1      | HoaS the Gargoyle Hunter began the quest for the Orb.
     0 | D:1      | Reached XP level 1. HP: 12/12 MP: 1/1
    28 | D:1      | Got the Monograph on Combat Magic
   208 | D:1      | Reached XP level 2. HP: 17/17 MP: 2/2
   590 | D:2      | Reached XP level 3. HP: 16/21 MP: 3/3
   682 | D:2      | Noticed Natasha
   687 | D:2      | Killed Natasha
   688 | D:2      | Reached skill level 5 in Ranged Weapons
   827 | D:2      | Reached XP level 4. HP: 26/26 MP: 4/4
  1166 | D:2      | Noticed Natasha
  1171 | D:2      | Killed Natasha
  1172 | D:2      | Reached skill level 6 in Ranged Weapons
  1384 | D:3      | Reached XP level 5. HP: 30/30 MP: 5/5
  1649 | D:3      | Found Virucw's Magic Scroll Shop.
  1657 | D:3      | Bought a scroll of teleportation for 42 gold pieces
  1657 | D:3      | Bought a scroll of teleportation for 42 gold pieces
  1801 | D:3      | Reached skill level 7 in Ranged Weapons
  1824 | D:3      | Reached XP level 6. HP: 24/35 MP: 6/6
  2053 | D:3      | Identified the +10 ring mail of Hedge Wizardry {rF- rN++
                  | rCorr Str+2}
  2649 | D:4      | Found an ancient bone altar of Kikubaaqudgha.
  2804 | D:4      | Reached skill level 8 in Ranged Weapons
  2910 | D:4      | Reached XP level 7. HP: 33/40 MP: 7/7
  3107 | D:4      | Reached skill level 9 in Ranged Weapons
  3225 | D:4      | Found a runed translucent door.
  3226 | D:4      | Noticed Crazy Yiuf
  3377 | D:4      | Killed Crazy Yiuf
  3508 | D:5      | Entered Level 5 of the Dungeon
  3587 | D:5      | Found an opulent altar of Gozag.
  3668 | D:5      | Became a worshipper of Gozag Ym Sagoz the Greedy
  3723 | D:5      | Found a shimmering altar of Xom.
  3812 | D:5      | Reached XP level 8. HP: 44/44 MP: 8/8
  3952 | D:5      | Reached skill level 10 in Ranged Weapons
  4147 | D:5      | Found a shimmering blue altar of Sif Muna.
  4496 | D:5      | Identified a scroll of acquirement
  4496 | D:5      | Acquired an amulet of regeneration
  4517 | D:6      | Found Sitoxu's Book Emporium.
  4522 | D:6      | Noticed Pikel
  4807 | D:6      | HP: 2/44 [Pikel/+2 whip of freezing (1)]
  4808 | D:6      | Slain by Pikel

Illustrated notes

Levels and vault maps discovered:
D:1:      minmay_arrival_four_circles, layout_rooms, serial_forest,
          infiniplex_forest_lined_3_way, infiniplex_forest_lined_corner,
          infiniplex_forest_end_3, infiniplex_forest_side_room,
          infiniplex_forest_corner_2, infiniplex_forest_corner_2,
          infiniplex_forest_clump_medium, minmay_pentomino_u2
D:2:      minmay_door_path, layout_rooms, minivault_5, reono_crystal_passage,
          grunt_ministairs_12, uniq_natasha
D:3:      layout_basic, serial_shops, shop, minmay_cut_off
D:4:      layout_loops_ring, kennysheep_vampire_church, minmay_manual_mail,
          uniq_crazy_yiuf_cottage
D:5:      layout_basic, lemuel_round_altar, lemuel_coloured_pillars_altar,
          led_xom_imps
D:6:      nicolae_cairo_tiling, layout_rooms,
          grunt_temple_overflow_lords_of_destruction, slow_altar_1,
          serial_shops, shop_fountains, chequers_jeans,
          minmay_unpleasant_kobolds, uniq_pikel

Skill      XL: |  1  2  3  4  5  6  7  8 |
---------------+-------------------------+-----
Ranged Weapons | 5 6 7 8 9 10 | 10.9
Fighting       | |  2.1
Dodging        | |  1.5
Stealth        | |  1.1

Action                     |  1- 3 |  4- 6 |  7- 9 || total
---------------------------+-------+-------+-------++-------
  Melee: Unarmed           |       |       |    17 ||    17
         Shortbow          |       |       |     1 ||     1
   Fire: Shortbow          |    63 |   265 |   246 ||   574
    Use: Scroll            |     3 |     7 |     6 ||    16
         Potion            |       |       |     1 ||     1
 Armour: Leather armour    |    10 |   103 |    83 ||   196
  Dodge: Dodged            |     7 |   102 |    96 ||   205

Table legend: (Time is in decaauts)
 A = Elapsed time spent in this place.
 B = Non-inter-level travel time spent in this place.
 C = Inter-level travel time spent in this place.
 D = Time resting spent in this place.
 E = Time spent auto-exploring this place.
 F = Levels seen in this place.
 G = Mean time per level.
                   A        B        C        D        E       F      G
               +--------+--------+--------+--------+--------+-----+--------+
         Total |   4901 |   4663 |    238 |    804 |   2872 |   6 |  816.8 |
       Dungeon |   4901 |   4663 |    238 |    804 |   2872 |   6 |  816.8 |
               +--------+--------+--------+--------+--------+-----+--------+

Top non-repeatable levels by time:
     D:4: 1438 daAuts
     D:5: 1088 daAuts
     D:2: 803 daAuts
     D:3: 757 daAuts
     D:1: 591 daAuts
     D:6: 221 daAuts
